 Dungeon Crawl Stone Soup version 0.19.0-2-gae57169 (webtiles) character file.

6791 Querens the Destroyer (level 10, -2/69 HPs)
             Began as a Demigod Conjurer on Nov 2, 2016.
             Slain by a polar bear (14 damage)
             ... on level 9 of the Dungeon on Nov 3, 2016.
             The game lasted 01:34:55 (10133 turns).

Querens the Destroyer (Demigod Conjurer)           Turns: 10133, Time: 01:34:56

Health: -2/69      AC:  5    Str: 17    XL:     10   Next: 48%
Magic:  4/37       EV: 12    Int: 19    God:
Gold:   279        SH:  0    Dex: 16    Spells: 6 memorised, 13 levels left

rFire  . . .     SeeInvis .     w - +2 flail (protect)
rCold  . . .     Gourm    .     s - +0 robe {MR+}
rNeg   . . .     Faith    .     (no shield)
rPois  .         Spirit   .     d - +1 hat
rElec  .         Reflect  .     (no cloak)
rCorr  +         Harm     .     E - +0 pair of gloves
MR     ++...                    v - +0 pair of boots
Stlth  ++........               (no amulet)
                                Q - ring of magical power
                                O - ring of resist corrosion

@: no status effects
A: high mp 1
a: no special abilities


You were on level 9 of the Dungeon.
You were very hungry.

You visited 1 branch of the dungeon, and saw 10 of its levels.

You collected 454 gold pieces.
You spent 175 gold pieces at shops.

Inventory:

Hand Weapons
 g - a +0 flail of crushing
 w - a +2 flail of protection (weapon)
Armour
 d - a +1 hat (worn)
 q - a +0 plate armour
 s - a +0 robe of magic resistance (worn)
 v - a +0 pair of boots (worn)
 E - a +0 pair of gloves (worn)
 J - a +0 chain mail of magic resistance
Jewellery
 O - a ring of resist corrosion (left hand)
 Q - a ring of magical power (right hand)
Wands
 i - a wand of polymorph (5/24)
 G - a wand of disintegration (20/24)
 H - a wand of iceblast (8/15)
Scrolls
 h - 2 scrolls of recharging
 k - 3 scrolls of enchant armour
 l - a scroll of blinking
 m - a scroll of fear
 n - 6 scrolls of teleportation
 p - a scroll of acquirement {unknown}
 u - 2 scrolls of enchant weapon
 x - 4 scrolls of noise
 y - a scroll of vulnerability {unknown}
 z - a scroll of immolation
 B - a scroll of fog
 F - 2 scrolls of amnesia
 I - a scroll of silence {unknown}
 R - a scroll of remove curse
Potions
 e - a potion of resistance
 f - a potion of ambrosia
 o - a potion of curing
 r - a potion of brilliance
 A - a potion of flight
 D - 2 potions of mutation
 N - a potion of magic {unknown}
Books
 b - a book of Conjurations

   Spells                             Type                      Level
   a - Magic Dart                     Conjuration                  1
   b - Searing Ray                    Conjuration                  2
   c - Dazzling Spray                 Conjuration/Hexes            3
   d - Fulminant Prism                Conjuration/Hexes            4
   e - Iskenderun's Mystic Blast      Conjuration                  4
   f - Iskenderun's Battlesphere      Conjuration/Charms           5
 t - a book of Maledictions

   Spells                             Type                      Level
   a - Corona                         Hexes                        1
   b - Ensorcelled Hibernation        Hexes/Ice                    2
   c - Confuse                        Hexes                        3
   d - Tukima's Dance                 Hexes                        3
   e - Dazzling Spray                 Conjuration/Hexes            3
 C - a book of Necromancy

   Spells                             Type                      Level
   a - Pain                           Necromancy                   1
   b - Animate Skeleton               Necromancy                   1
   c - Vampiric Draining              Necromancy                   3
   d - Regeneration                   Charms/Necromancy            3
   e - Animate Dead                   Necromancy                   4
   f - Control Undead                 Necromancy                   4
 P - a book of Minor Magic

   Spells                             Type                      Level
   a - Magic Dart                     Conjuration                  1
   b - Blink                          Translocation                2
   c - Call Imp                       Summoning                    2
   d - Repel Missiles                 Charms/Air                   2
   e - Slow                           Hexes                        2
   f - Conjure Flame                  Conjuration/Fire             3
   g - Mephitic Cloud                 Conjuration/Poison/Air       3
Comestibles
 c - 3 bread rations
 K - a beef jerky
 L - 2 meat rations
 M - 2 fruits


   Skills:
 - Level 1.9 Dodging
 - Level 1.7 Stealth
 + Level 9.7 Spellcasting
 + Level 10.9 Conjurations
 + Level 3.5 Charms


You had 13 spell levels left.
You knew the following spells:

 Your Spells              Type           Power        Failure   Level  Hunger
a - Magic Dart            Conj           ####         1%          1    None
b - Iskenderun's Mystic   Conj           ######..     1%          4    ###....
c - Regeneration          Chrm/Necr      ###.......   12%         3    None
d - Mephitic Cloud        Conj/Pois/Air  ###.....     6%          3    None
e - Blink                 Tloc           N/A          14%         2    None
f - Repel Missiles        Chrm/Air       ###...       8%          2    None


Dungeon Overview and Level Annotations

Branches:
Dungeon (10/15)            Temple (0/1) D:6
   Lair: D:8-11         Orc: D:9-12

Shops:
D:5 *


Innate Abilities, Weirdness & Mutations

You have an increased reservoir of magic. (+10% MP)


Message History

The polar bear is almost dead.
The polar bear bites you!
* * * LOW HITPOINT WARNING * * *
The polar bear claws you.
* * * LOW HITPOINT WARNING * * *
The polar bear claws you but does no damage.
The polar bear bites you.
* * * LOW HITPOINT WARNING * * *
The polar bear claws you.
* * * LOW HITPOINT WARNING * * *
The polar bear barely misses you. The polar bear barely misses you.
The polar bear claws you but does no damage. x2
You hear a distant slurping noise.
The polar bear bites you but does no damage.
The polar bear claws you.
* * * LOW HITPOINT WARNING * * *
The polar bear claws you but does no damage.
The polar bear bites you!
You die...

#......##..#..........
#......##..#..........
#......##..#..........
#..........#..........
#..........####'###'##
#........[...........#
#........>...........#
#.....................
#...h@................
#..########...........
#.....................
#.....................
#.....................
######################


You could see a polar bear (berserk).

Vanquished Creatures
  Pikel (D:8)
  The ghost of Tyryt0 the Sneak, a novice OpFi (D:5)
  A polar bear (D:10)
  A jumping spider (D:7)
  Prince Ribbit (D:8)
  2 hippogriffs (D:7)
  Sigmund (D:5)
  A wyvern (D:9)
  6 yaks
  Grum (D:8)
  5 orc warriors
  A sky beast (D:8)
  3 centaurs
  4 ogres
  4 wolves
  A crocodile (D:10)
  A big kobold (D:6)
  A wyvern zombie (D:6)
  2 bullfrogs
  A water moccasin zombie (D:9)
  A wyvern skeleton (D:9)
  3 scorpions
  4 wights
  4 howler monkeys
  A centaur zombie (D:7)
  2 crimson imps
  3 jellies
  6 orc priests
  A centaur skeleton (D:9)
  4 hounds
  2 bullfrog skeletons
  Terence (D:5)
  An iguana (D:5)
  10 orc wizards
  6 worker ants
  A bullfrog simulacrum (D:10)
  A worker ant zombie (D:5)
  A howler monkey skeleton (D:4)
  17 adders
  A river rat (D:4)
  A hound simulacrum (D:10)
  2 shadow imps
  2 white imps (D:10)
  An adder zombie (D:8)
  An adder skeleton (D:8)
  2 worms
  3 leopard geckos
  41 orcs
  8 giant cockroaches
  7 goblins
  6 hobgoblins
  3 jackals (D:7)
  5 quokkas
  2 ball pythons
  6 bats
  2 frilled lizards
  A jackal skeleton (D:3)
  A jackal zombie (D:5)
  10 kobolds
  A leopard gecko skeleton (D:4)
  A quokka skeleton (D:9)
  9 rats
224 creatures vanquished.

Vanquished Creatures (others)
  A slave (D:8)
1 creature vanquished.

Grand Total: 225 creatures vanquished

Notes
Turn   | Place    | Note
-------+----------+-------------------------------------------
     0 | D:1      | Querens the Demigod Conjurer began the quest for the Orb.
     0 | D:1      | Reached XP level 1. HP: 14/14 MP: 5/5
   328 | D:1      | Reached skill level 4 in Conjurations
   365 | D:1      | Reached XP level 2. HP: 18/20 MP: 5/7
  1051 | D:2      | Reached XP level 3. HP: 18/26 MP: 2/8
  1416 | D:3      | Found a sparkling altar of Nemelex Xobeh.
  1426 | D:3      | Noticed Terence
  1634 | D:3      | Reached XP level 4. HP: 12/33 MP: 2/10
  1936 | D:3      | Learned a level 4 spell: Iskenderun's Mystic Blast
  2128 | D:3      | HP: 1/33 [worm (7)]
  2705 | D:4      | Reached skill level 5 in Conjurations
  2775 | D:4      | Reached XP level 5. HP: 18/38 MP: 0/13
  2826 | D:4      | Noticed an ogre
  3267 | D:4      | Reached XP level 6. HP: 34/45 MP: 2/15
  3805 | D:4      | Reached skill level 6 in Conjurations
  3955 | D:5      | Entered Level 5 of the Dungeon
  3958 | D:5      | Noticed Tyryt0's ghost (novice OpFi)
  3971 | D:5      | Killed Tyryt0's ghost
  3971 | D:5      | Reached skill level 5 in Spellcasting
  3971 | D:5      | Reached XP level 7. HP: 9/50 MP: 0/18
  4076 | D:5      | Killed Terence
  4285 | D:5      | Reached skill level 7 in Conjurations
  4300 | D:5      | Noticed Sigmund
  5127 | D:5      | Killed Sigmund
  5127 | D:5      | Reached XP level 8. HP: 51/57 MP: 2/20
  5617 | D:5      | Found Wanesos's General Store.
  5620 | D:5      | Bought a scroll of noise for 10 gold pieces
  5620 | D:5      | Bought a scroll of immolation for 35 gold pieces
  5620 | D:5      | Bought a scroll of identify for 20 gold pieces
  5620 | D:5      | Bought a scroll of identify for 20 gold pieces
  5620 | D:5      | Bought a scroll of remove curse for 30 gold pieces
  5620 | D:5      | Bought a scroll of identify for 20 gold pieces
  5620 | D:5      | Bought a scroll of identify for 20 gold pieces
  5620 | D:5      | Bought a scroll of identify for 20 gold pieces
  5857 | D:6      | Found a radiant altar of Vehumet.
  5922 | D:6      | Found a staircase to the Ecumenical Temple.
  6090 | D:6      | Found an iron altar of Okawaru.
  6106 | D:6      | Reached skill level 8 in Conjurations
  6292 | D:6      | Found a snail-covered altar of Cheibriados.
  6629 | D:6      | Found a basalt altar of Yredelemnul.
  6629 | D:6      | Found a burning altar of Makhleb.
  6772 | D:7      | Noticed a hippogriff
  6880 | D:7      | Noticed a hippogriff
  7010 | D:7      | a hippogriff changed into something unseen
  7085 | D:7      | Noticed a jumping spider
  7091 | D:7      | HP: 4/85 [jumping spider (2)]
  7092 | D:7      | Killed a jumping spider
  7216 | D:7      | Noticed a hippogriff
  7220 | D:7      | Killed a hippogriff
  7220 | D:7      | Reached skill level 9 in Conjurations
  7220 | D:7      | Reached XP level 9. HP: 25/62 MP: 10/24
  7222 | D:7      | Found a glowing silver altar of Zin.
  7797 | D:8      | Noticed Prince Ribbit
  7801 | D:8      | Killed Prince Ribbit
  7856 | D:8      | HP: 2/62 [wolf[Grum] (4)]
  7857 | D:8      | Noticed Grum
  8047 | D:8      | Noticed Pikel
  8066 | D:8      | Killed Pikel
  8066 | D:8      | Reached skill level 10 in Conjurations
  8299 | D:8      | Learned a level 3 spell: Regeneration
  8538 | D:8      | Killed Grum
  8695 | D:9      | Found a hide-covered altar of Uskayaw.
  8876 | D:9      | Learned a level 3 spell: Mephitic Cloud
  8879 | D:9      | Learned a level 2 spell: Blink
  8882 | D:9      | Learned a level 2 spell: Repel Missiles
  8970 | D:9      | Reached XP level 10. HP: 69/69 MP: 13/27
  9058 | D:9      | Found a stormy altar of Qazlal.
  9101 | D:9      | Reached skill level 1 in Charms
  9565 | D:10     | Entered Level 10 of the Dungeon
 10035 | D:9      | HP: 3/69 [wyvern skeleton (15)]
 10133 | D:9      | Slain by a polar bear

Skill      XL: |  1  2  3  4  5  6  7  8  9 10 |
---------------+-------------------------------+-----
Conjurations   | 4 5 6 7 9 10 | 10.9
Spellcasting   | 2 3 4 5 7 9 |  9.7
Charms         | 3 |  3.5
Dodging        | |  1.9
Stealth        | |  1.7

Action                   |  1- 3 |  4- 6 |  7- 9 | 10-12 || total
-------------------------+-------+-------+-------+-------++-------
Melee: Club              |    16 |       |       |       ||    16
       Hand axe          |    48 |    97 |    17 |       ||   162
       Flail             |       |       |    91 |    48 ||   139
 Cast: Magic Dart        |    79 |   106 |   141 |    46 ||   372
       Iskenderun's Myst |       |    22 |   118 |    52 ||   192
       Mephitic Cloud    |       |       |     1 |     4 ||     5
       Blink             |       |       |       |     5 ||     5
       Regeneration      |       |       |       |     2 ||     2
Evoke: Wand              |       |       |     3 |       ||     3
  Use: Potion            |     1 |     2 |     5 |     1 ||     9
       Scroll            |       |     2 |    17 |       ||    19
 Stab: Sleeping          |     2 |       |     1 |     1 ||     4
  Eat: Chunk             |     3 |     4 |    12 |     6 ||    25
       Beef jerky        |       |     1 |       |       ||     1
       Meat ration       |       |     1 |     1 |       ||     2
       Bread ration      |       |       |     3 |       ||     3
       Fruit             |       |       |     2 |       ||     2
Armor: Robe              |     5 |    15 |    60 |    40 ||   120
       Skin              |     8 |       |     5 |       ||    13
Dodge: Dodged            |    49 |    63 |   125 |    55 ||   292
